 Dungeon Crawl Stone Soup version 0.28-a0-828-g0121872642 (webtiles) character file.

Game seed: 1173653956818406071

291 vurker the Gusty (level 6, -3/27 HPs)
             Began as a Felid Air Elementalist on Nov 10, 2021.
             Slain by a water moccasin (7 damage)
             ... on level 4 of the Dungeon.
             The game lasted 00:06:07 (5913 turns).

vurker the Gusty (Felid Air Elementalist)           Turns: 5913, Time: 00:06:07

Health: -3/27      AC:  2    Str:  4    XL:     6   Next: 10%
Magic:  5/13       EV: 17    Int: 19    God:
Gold:   192        SH:  0    Dex: 16    Spells: 8/13 levels left
                                        Lives:  0   Deaths: 1

rFire   . . .      SeeInvis +   (weapon unavailable)
rCold   . . .      Faith    .   (shield unavailable)
rNeg    . . .      Spirit   .   (armour unavailable)
rPois   .          Reflect  .   (helmet unavailable)
rElec   .          Harm     .   (cloak unavailable)
rCorr   .          Rampage  .   (gloves unavailable)
Will    .....                   (boots unavailable)
Stlth   ++........              d - amulet of the acrobat
HPRegen 0.09/turn               (no ring)
MPRegen 0.13/turn               (no ring)

@: lethally poisoned (-3 -> -14), very slightly contaminated, quick
A: very small, claws 1, fangs 3, see invisible, speed 1, shaggy fur 2, stealthy
paws, no weapons or thrown items, no armour, multi-lived
a: no special abilities


You were on level 4 of the Dungeon.
You visited 1 branch of the dungeon, and saw 5 of its levels.

You collected 192 gold pieces.

Inventory:

Jewellery
 d - an amulet of the acrobat (around neck)
   (You found it on level 1 of the Dungeon)
 m - a ring of fire
   (You found it on level 5 of the Dungeon)
Wands
 h - a wand of charming (7)
   (You took it off Ijyb on level 3 of the Dungeon)
Scrolls
 a - 2 scrolls of magic mapping {unknown}
 b - 2 scrolls of enchant weapon {unknown}
 c - 2 scrolls of fear {unknown}
 f - 2 scrolls of acquirement {unknown}
 l - a scroll of amnesia {unknown}
Potions
 e - 2 potions of might {unknown}
 g - 4 potions of heal wounds
 i - 2 potions of ambrosia {unknown}
 j - a potion of lignification {unknown}
 k - a potion of curing {unknown}


   Skills:
 + Level 2.4 Fighting
 - Level 2.6 Dodging
 - Level 2.6 Stealth
 * Level 4.2 Spellcasting
 + Level 2.4 Conjurations
 * Level 4.5 Air Magic


You had 8 spell levels left.
You knew the following spells:

 Your Spells              Type           Power      Damage    Failure   Level
a - Shock                 Conj/Air       68%        1d7       3%          1
c - Airstrike             Air            10%        N/A       21%         4

Your spell library contained the following spells:

 Spells                   Type           Power      Damage    Failure   Level
 Static Discharge         Conj/Air       17%        N/A       4%          2
 Swiftness                Air            21%        N/A       6%          3
 Corpse Rot               Necr/Air       24%        N/A       9%          2
 Slow                     Hex            12%        N/A       14%         1
 Sublimation of Blood     Necr           3%         N/A       21%         2
 Dazzling Flash           Conj/Hex       16%        N/A       24%         3
 Confusing Touch          Hex            3%         N/A       38%         3
 Vampiric Draining        Necr           3%         2d6       38%         3
 Petrify                  Tmut/Erth      3%         N/A       80%         4
 Silence                  Hex/Air        6%         N/A       83%         5
 Irradiate                Conj/Tmut      4%         3d15      92%         5
 Agony                    Necr           3%         N/A       98%         5
 Simulacrum               Ice/Necr       1%         N/A       100%        6


Dungeon Overview and Level Annotations

Branches:
Dungeon (5/15)
 Temple: D:4-7

Altars:
Sif Muna

Shops:
D:1 *


Innate Abilities, Weirdness & Mutations

You have sharp claws.
You have razor-sharp teeth.
You have supernaturally acute eyesight. (SInv)
You cover ground quickly. (Speed+)
You are covered in thick fur. (AC +2)
Your paws help you pounce on unaware monsters.
You are incapable of wielding weapons or throwing items.
You cannot wear armour.
You gain extra lives every three experience levels.


Message History

Found a stone staircase leading down.
You see here a +0 arbalest.
A hound and a white imp come into view.
The white imp shouts!
The hound moves out of view.
A scorpion comes into view.
The white imp gestures at you. The puff of frost misses you.
The water moccasin completely misses you.
The white imp laughs crazily.
Found 20 arrows.
There is a stone staircase leading up here.
The water moccasin bites you!
You climb upwards.
There is a stone staircase leading down here.
The zap hits the water moccasin. x2
The water moccasin bites you but does no damage.
The water moccasin bites you!
* * * LOW HITPOINT WARNING * * *
Unknown command.
You miscast Shock.
You are very lightly contaminated with residual magic.
Nothing appears to happen.
The water moccasin bites you.
* * * LOW HITPOINT WARNING * * *
You are lethally poisoned!
The water moccasin poisons you!
Unknown command.
It was a potion of heal wounds.
You feel much better.
You feel very sick. The water moccasin bites you.
You are lethally poisoned!
The water moccasin poisons you! The water moccasin bites you.
Unknown command.
The zap misses the water moccasin.
The zap hits the water moccasin.
* * * LOW HITPOINT WARNING * * *
You feel very sick. The water moccasin barely misses you.
Unknown command.
Unknown command.
The zap hits the water moccasin. x2
* * * LOW HITPOINT WARNING * * *
You feel very sick. The water moccasin closely misses you.
Unknown command.
Unknown command.
The zap misses the water moccasin. x2
* * * LOW HITPOINT WARNING * * *
You feel very sick. The water moccasin bites you!
You die...

##################
................@#
##.#######.####S.#
##.#.....#.# #..#
.......#.#.# #..#
##.#.#.#.#.####..#########
#.#.#...#.#.....##......#
#.#.##..#.#.##..........#
#.#.......#.##..........#
##.#####.###.##..........#


You could see a water moccasin.

Vanquished Creatures
  A gnoll sergeant (D:4)
  A jelly (D:4)
  A hound (D:5)
  A gnoll shaman (D:4)
  A bullfrog skeleton (D:4)
  2 iguanas
  Ijyb (D:3)
  5 gnolls (D:4)
  4 adders
  4 worms
  3 dart slugs (D:3)
  An orc (D:5)
  9 bats
  6 endoplasms
  3 giant cockroaches
  9 hobgoblins
  9 kobolds
  3 quokkas
  5 ball pythons
  4 frilled lizards
  2 goblins (D:2)
  3 rats
78 creatures vanquished.

Notes
Turn   | Place    | Note
-------+----------+-------------------------------------------
     0 | D:1      | vurker the Felid Air Elementalist began the quest for the
                  | Orb.
     0 | D:1      | Reached XP level 1. HP: 7/7 MP: 4/4
   109 | D:1      | Found Lirghifu's Assorted Antiques.
   113 | D:1      | Reached skill level 1 in Conjurations
   233 | D:1      | Reached XP level 2. HP: 12/12 MP: 0/6
  1071 | D:2      | Reached XP level 3. HP: 6/15 MP: 0/7
  1107 | D:2      | Found a faded altar of an unknown god.
  1992 | D:2      | Reached skill level 1 in Fighting
  2491 | D:3      | Reached XP level 4. HP: 19/19 MP: 5/9
  2926 | D:3      | Got the Incunabulum of Sinister Secrets
  3317 | D:3      | Noticed Ijyb
  3332 | D:3      | Killed Ijyb
  3870 | D:4      | Found a shimmering blue altar of Sif Muna.
  3906 | D:4      | Reached XP level 5. HP: 22/22 MP: 4/10
  4630 | D:4      | Found the +3 pair of gauntlets of War {Slay+5}
  4660 | D:4      | Gained mutation: You are covered in thick fur. (AC +2)
                  | [Felid growth]
  4660 | D:4      | Reached XP level 6. HP: 26/26 MP: 6/12
  5189 | D:4      | Slain by a wyvern zombie
  5190 | D:4      | Reached XP level 5. HP: -3/22 MP: 9/11
  5558 | D:5      | Entered Level 5 of the Dungeon
  5634 | D:5      | Learned a level 4 spell: Airstrike
  5650 | D:5      | Reached XP level 6. HP: 6/27 MP: 5/13
  5886 | D:5      | Noticed a water moccasin
  5913 | D:4      | Slain by a water moccasin

Illustrated notes

Levels and vault maps discovered:
D:1:      minmay_arrival_five_plusses, layout_rooms, serial_shops, shop
D:2:      minmay_wonky_spiral, layout_rooms, basic_ecumenical_altar
D:3:      layout_loops_corners, hex_medium, uniq_ijyb
D:4:      minmay_chambers_of_fours, layout_basic, nicolae_sif_muna_condensation
D:5:      layout_rooms, minmay_misc_feat_enclosed

Skill      XL: |  1  2  3  4  5 |
---------------+----------------+-----
Conjurations   | 1 2 |  2.4
Air Magic      | 3 4 |  4.5
Fighting       | 1 2 |  2.4
Spellcasting   | 3 4 |  4.2
Dodging        | |  2.6
Stealth        | |  2.6

Action                   |  1- 3 |  4- 6 || total
-------------------------+-------+-------++-------
Melee: Unarmed           |    11 |     7 ||    18
       Bite              |     3 |     1 ||     4
 Cast: Shock             |   103 |   146 ||   249
  Use: Potion            |       |     1 ||     1
Armor: Skin              |     2 |     2 ||     4
Dodge: Dodged            |    34 |    32 ||    66

Table legend: (Time is in decaauts)
 A = Elapsed time spent in this place.
 B = Non-inter-level travel time spent in this place.
 C = Inter-level travel time spent in this place.
 D = Time resting spent in this place.
 E = Time spent auto-exploring this place.
 F = Levels seen in this place.
 G = Mean time per level.
                   A        B        C        D        E       F      G
               +--------+--------+--------+--------+--------+-----+--------+
         Total |   5340 |   5207 |    133 |    641 |   3911 |   5 | 1068.0 |
       Dungeon |   5340 |   5207 |    133 |    641 |   3911 |   5 | 1068.0 |
               +--------+--------+--------+--------+--------+-----+--------+

Top non-repeatable levels by time:
     D:4: 1828 daAuts
     D:3: 1302 daAuts
     D:2: 1054 daAuts
     D:1: 1034 daAuts
     D:5: 121 daAuts
